 Dungeon Crawl Stone Soup version 0.30-a0-782-ge64f9170bb (webtiles) character file.

Game seed: 7477110430759007046

2156558 rigao the Conqueror (level 27, 199/199 HPs)
             Began as a Gargoyle Hexslinger on Feb 22, 2023.
             Was an Elder of Trog.
             Escaped with the Orb
             ... and 4 runes on Feb 23, 2023!
             The game lasted 03:18:31 (83862 turns).

rigao the Conqueror (Gargoyle Hexslinger)          Turns: 83862, Time: 03:18:32

Health: 199/199    AC: 65    Str: 25    XL:     27
Magic:  24/24      EV: 27    Int: 21    God:    Trog [****..]
Gold:   4944       SH: 24    Dex: 22    Spells: 27/28 levels left

rFire   + + .      SeeInvis +    j - +7 broad axe (vamp)
rCold   + + .      Faith    .    o - +3 kite shield
rNeg    + + .      Spirit   .    Z - +12 gold dragon scales
rPois   ∞          Reflect  +    Q - +2 hat {Will+}
rElec   +          Harm     .    i - +2 cloak of the Thief {*Fog Slay-2 SInv Stlth+}
rCorr   .          Rampage  .    v - +1 pair of gloves of Qazlal's Hatred {Str-4 Dex+7 Slay+5}
Will    ++++.                    E - +2 pair of boots of the Nexus {rC+} Stlth
                                 g - amulet "Qixinae" {Reflect Drain Str+4 Dex+9 SH+5 Stlth-}
HPRegen 0.53/turn                U - ring of Powe Pae {rF+ rN+ Will+ Int+4}
MPRegen 0.19/turn                a - ring of the Hare {EV+10}

@: flying
A: sickness immunity, AC +20, big wings, negative energy resistance 1,
electricity resistance, torment resistance 1, petrification resistance, hooves
2, clumsy 2, deformed body, mutation resistance 1
0: Orb of Zot
}: 4/15 runes: barnacled, slimy, silver, gossamer
a: Renounce Religion, Berserk, Trog's Hand, Brothers in Arms


You escaped.
You worshipped Trog.
Trog was greatly pleased with you.
You visited 12 branches of the dungeon, and saw 56 of its levels.
You visited the Abyss 1 time.
You also visited: Ossuary, Bailey and Wizlab.

You collected 11430 gold pieces.
You spent 6486 gold pieces at shops.

Inventory:

Hand Weapons
 b - a +9 eveningstar of protection
 j - a +7 vampiric broad axe (weapon)
 p - a +4 sacred scourge of holy wrath
Missiles
 x - 13 javelins
 z - 7 throwing nets
 J - 8 silver javelins (quivered)
 T - 5 curare-tipped darts
Armour
 i - the +2 cloak of the Thief (worn) {*Fog Slay-2 SInv Stlth+}
   (You found it on level 5 of the Pits of Slime)

   *Fog:      It may release a thick cloud of smoke when the wearer is hurt.
   Slay:      It affects your accuracy & damage with ranged weapons and melee
   (-2).
   SInv:      It lets you see invisible.
   Stlth:     It makes you more stealthy.
 o - a +3 kite shield (worn)
 v - the +1 pair of gloves of Qazlal's Hatred (worn) {Str-4 Dex+7 Slay+5}
   (You found it on level 3 of the Crypt)

   Str:       It affects your strength (-4).
   Dex:       It affects your dexterity (+7).
   Slay:      It affects your accuracy & damage with ranged weapons and melee
   (+5).
 E - the +2 pair of boots of the Nexus (worn) {rC+}
   (You found it on level 1 of the Realm of Zot)

   rC:        It protects you from cold.
 Q - a +2 hat of willpower (worn)
 Z - +12 gold dragon scales (worn)
Jewellery
 a - the ring of the Hare (right hand) {EV+10}
   (You found it on level 5 of the Pits of Slime)

   [ring of evasion]

   EV:        It affects your evasion (+10).
 g - the amulet "Qixinae" (around neck) {Reflect Drain Str+4 Dex+9 SH+5 Stlth-}
   (You found it on level 1 of the Vaults)

   [amulet of reflection]

   It reflects blocked missile attacks.
   Str:       It affects your strength (+4).
   Dex:       It affects your dexterity (+9).
   Drain:     It drains your maximum health when unequipped.
   SH:        It affects your SH (+5).
   Stlth:     It makes you less stealthy.
 I - the ring of Xom's Full Attention {Str+6 Int-3 Dex+4}
   (You found it on level 3 of the Elven Halls)

   [ring of strength]

   Str:       It affects your strength (+6).
   Int:       It affects your intelligence (-3).
   Dex:       It affects your dexterity (+4).
 S - the brooch of Shielding {Spirit SH+8}
   (You found it on level 3 of the Crypt)

   [amulet of guardian spirit]

   It causes incoming damage to be divided between your reserves of health and
   magic.
   SH:        It affects your SH (+8).
 U - the ring of Powe Pae (left hand) {rF+ rN+ Will+ Int+4}
   (You found it on level 1 of the Realm of Zot)

   [ring of willpower]

   Int:       It affects your intelligence (+4).
   rF:        It protects you from fire.
   rN:        It protects you from negative energy.
   Will:      It increases your willpower.
 Y - the ring of Zufass {MP+9 Str-5 Int+3 Dex+4}
   (You found it on level 3 of the Crypt)

   [ring of magical power]

   Str:       It affects your strength (-5).
   Int:       It affects your intelligence (+3).
   Dex:       It affects your dexterity (+4).
   MP:        It affects your magic capacity (+9).
Wands
 e - a wand of roots (37)
 u - a wand of acid (18)
 H - a wand of charming (33)
 N - a wand of digging (7)
 W - a wand of mindburst (34)
Scrolls
 f - 6 scrolls of butterflies
 r - 3 scrolls of poison
 s - 21 scrolls of teleportation
 t - 10 scrolls of immolation
 G - 14 scrolls of fog
 K - 9 scrolls of fear
 O - 4 scrolls of blinking
 R - 2 scrolls of magic mapping
 V - 9 scrolls of silence
Potions
 c - 6 potions of mutation
 d - 8 potions of berserk rage
 h - 30 potions of curing
 k - 2 potions of magic
 l - 12 potions of attraction
 m - 11 potions of lignification
 q - 3 potions of heal wounds
 w - 4 potions of invisibility
 C - 5 potions of might
 D - 2 potions of haste
 F - 6 potions of resistance
 L - 11 potions of ambrosia
 X - 2 potions of cancellation
Miscellaneous
 n - a phial of floods
 y - a tin of tremorstones (2/2)
 A - a box of beasts
 B - a condenser vane
 M - a phantom mirror


   Skills:
 O Level 27 Fighting
 - Level 15.6(18.0) Axes
 - Level 16.0(19.0) Maces & Flails
 - Level 2.0 Ranged Weapons
 - Level 14.0 Throwing
 - Level 25.0 Armour
 + Level 19.3 Dodging
 - Level 18.6 Shields
 - Level 1.0 Spellcasting
 - Level 2.6 Hexes
 + Level 15.4 Evocations


You had 27 spell levels left.
You knew the following spells:

 Your Spells              Type           Power      Damage    Failure   Level
a - Slow                  Hex            48%        N/A       56%         1

Your spell library contained the following spells:

 Spells                   Type           Power      Damage    Failure   Level
 Sandblast                Erth           2%         2d4       91%         1
 Passwall                 Tmut/Erth      0%         N/A       97%         2
 Static Discharge         Conj/Air       2%         2-3/arc   97%         2
 Inner Flame              Hex/Fire       6%         N/A       98%         3
 Portal Projectile        Hex/Tloc       12%        N/A       98%         3
 Stone Arrow              Conj/Erth      2%         3d7       99%         3
 Vhi's Electric Charge    Tloc/Air       2%         N/A       99%         3
 Cause Fear               Hex            6%         N/A       100%        4
 Arcjolt                  Conj/Air       0%         1d10      100%        5
 Lightning Bolt           Conj/Air       0%         1d11      100%        5


Dungeon Overview and Level Annotations

Branches:
Dungeon (15/15)            Temple (1/1) D:5            Lair (5/5) D:9
 Shoals (4/4) Lair:3       Spider (4/4) Lair:2        Slime (5/5) Lair:5
    Orc (2/2) D:11            Elf (3/3) Orc:2        Vaults (5/5) D:14
  Crypt (3/3) Vaults:3       Tomb (0/3) Crypt:3      Depths (4/4) D:15
    Zot (5/5) Depths:4    Ossuary (visited)          Bailey (visited)
 WizLab (visited)

Altars:
Ashenzari
Cheibriados
Dithmenos
Elyvilon
Fedhas
Gozag
Hepliaklqana
Kikubaaqudgha
Makhleb
Nemelex Xobeh
Okawaru
Qazlal
Ru
Sif Muna
Trog
Uskayaw
Vehumet
Wu Jian
Xom
Yredelemnul
Zin
The Shining One
Jiyva

Shops:
D:3 :   D:8 **   Orc:2 :![(   Elf:1 *   Shoals:2 (   Vaults:1 (   Vaults:2 [
Vaults:5 [*!!?!?!!?   Depths:2 *   Depths:4 :*(

Portals:
Hell: Depths:1 Depths:2 Depths:3 Depths:4
Abyss: Depths:3
Pandemonium: Depths:2
Ziggurat: Depths:3
Trove: D:13 (give 9 potions of haste)

Annotations:
D:14 exclusion: obsidian statue
Elf:3 1 runed translucent door, jazmu's ghost, adept DgHu
Zot:2 3 runed translucent doors, Ahiemauce's ghost, veteran DrSu; Oczupsu's ghost, legendary GrFi


Innate Abilities, Weirdness & Mutations

You are immune to sickness and miasma.
Your stone body is resilient. (AC +20)
You are immune to poison.
Your large and strong wings let you fly.
You resist negative energy. (rN+)
You are resistant to electric shocks. (rElec)
You are resistant to unholy torment.
You are immune to petrification.
You have hoof-like feet.
You are very clumsy. (Dex -4)
Armour fits poorly on your strangely shaped body.
You are somewhat resistant to further mutation.


Message History

There is an open door here.
A hellwing comes into view.
The hellwing gives a chilling moan.
There is a stone staircase leading up here.
You fly upwards.
There is a stone staircase leading down here.
(D) Dungeon (T) Temple (L) Lair (A) Shoals (N) Spider Nest (M) Slime Pits (O) Orcish Mines (E) Elven Halls (V) Vaults (C) Crypt (W) Tomb (U) Depths (H) Hell (Z) Zot
Where to? (Enter - D:1 @ (x,y), ? - help)
Things that are here:
2 stones; a +0 whip
Items here: (( )).
There is a stone staircase leading up here.
You fly upwards.
There is a stone staircase leading down here.
There is an open door here.
HP restored.
There is a stone staircase leading up here.
You fly upwards.
There is a stone staircase leading down here.
You see here a +0 short sword.
There is a stone staircase leading up here.
You fly upwards.
There is a stone staircase leading down here.
There is a stone staircase leading up here.
You fly upwards.
There is a stone staircase leading down here.
There is a stone staircase leading up, spattered with blood here.
You fly upwards.
There is a stone staircase leading down here.
There is a stone staircase leading up here.
You fly upwards.
There is a stone staircase leading down here.
There is a stone staircase leading up here.
You fly upwards.
There is a stone staircase leading down here.
There is a staircase leading out of the dungeon here.
You have escaped!

#####
##.@.##
##.....##
#
#.#8≈8#.#
#
#.#≈≈≈#.#
#
#.#8≈8#.#
#
#.#≈≈≈#.#
##########
#.#8≈8#.#
##.......#
##.....##
#........#
###.###


There were no monsters in sight!

Vanquished Creatures
  the Royal Jelly (Slime:5)
  4 dread liches
  6 orbs of fire
  Mennas (Vaults:2)
  2 ancient liches (Zot:5)
  A juggernaut (Depths:2)
  Sojobo (Depths:4)
  5 Killer Klowns (Zot:5)
  Vv (Depths:2)
  Boris (twice) (Crypt:1 Vaults:5)
  Margery (Vaults:1)
  3 curse toes
  Saint Roka (Orc:2)
  2 caustic shrikes
  16 golden dragons
  Jory (Vaults:3)
  2 bone dragons (Crypt:3)
  Arachne (Spider:4)
  3 electric golems
  2 doom hounds (Depths:4)
  Jorgrun (Orc:2)
  21 tentacled monstrosities
  Asterion (Vaults:2)
  25 Orb Guardians (Zot:5)
  7 liches
  A walking crystal tome (Depths:3)
  A walking frostbound tome (Depths:4)
  Grunn (Depths:4)
  8 quicksilver dragons
  A deep elf blademaster (Elf:2)
  6 titans
  A kraken (Shoals:2)
  8 ancient champions
  25 acid blobs
  An Executioner (D:14)
  10 death cobs
  6 sphinxes
  A tentacled starspawn (Abyss:3)
  Frances (D:12)
  A shadow dragon (shapeshifter) (Vaults:5)
  11 tengu reavers
  9 shadow dragons
  A daeva (Depths:1)
  Roxanne (Shoals:3)
  2 revenants
  10 azure jellies (Slime:5)
  16 storm dragons
  5 draconian monks
  4 draconian knights
  A demonspawn warmonger (Depths:4)
  10 frost giants
  18 vault wardens
  A fenstrider witch (shapeshifter) (Vaults:4)
  6 deep elf sorcerers
  9 fire giants
  2 emperor scorpions (Spider:4)
  Aizul (Shoals:1)
  4 iron dragons
  16 rockslimes
  5 draconian scorchers
  3 draconian shifters
  4 curse skulls
  13 ghost moths
  3 draconian annihilators
  6 ghouls
  34 very ugly things
  4 deep elf elementalists (Elf:3)
  A reaper (Depths:4)
  An angel (Depths:1)
  3 orc warlords
  3 war gargoyles
  11 ironbound preservers
  13 quicksilver oozes
  2 caustic shrike skeletons (Crypt:3)
  4 broodmothers
  2 spriggan defenders (Depths:4)
  18 stone giants
  A demonspawn blood saint (Depths:3)
  2 juggernaut skeletons (Crypt:3)
  A rockslime zombie (Crypt:3)
  6 vampire knights
  2 deep elf demonologists
  8 green draconians
  A demonspawn black sun (Depths:3)
  10 ironbound thunderhulks
  12 black draconians
  14 spark wasps
  Azrael (Orc:2)
  19 purple draconians
  5 deep elf annihilators
  22 dire elephants
  11 red draconians
  8 white draconians
  Snorg (Orc:2)
  7 yellow draconians
  11 jiangshi
  7 deep elf death magi
  5 eidola
  The ghost of rlgrobin the Nimble, a journeyman DEDe of Gozag (Lair:5)
  11 ettins
  13 fire dragons
  A great orb of eyes (Slime:5)
  A green death (D:11)
  Josephine (D:11)
  10 merfolk impalers
  6 merfolk javelineers
  9 entropy weavers
  2 rakshasas
  19 yaktaur captains
  5 deep elf high priests
  2 spriggan skeletons (Crypt:3)
  A hell beast (Depths:3)
  41 vault guards
  A salamander tyrant (Depths:3)
  5 jorogumos
  3 spriggan air magi
  3 ice dragons
  3 ogre magi
  An anaconda (shapeshifter) (Vaults:2)
  2 radroaches (Spider:4)
  8 hydras
  3 death knights
  3 merfolk avatars
  2 peacekeepers (Vaults:2)
  11 ironbound frosthearts
  3 merfolk aquamancers (Shoals:4)
  Erica (Lair:1)
  An alligator (shapeshifter) (D:15)
  A hell hog (Depths:3)
  A catoblepas (Shoals:2)
  10 two-headed ogres
  A death scarab (Spider:1)
  17 centaur warriors
  10 deep troll earth magi
  10 boulder beetles
  3 satyrs
  22 dancing weapons
  An alligator snapping turtle (Shoals:3)
  7 orc high priests
  8 deep troll shamans
  8 vampire magi
  6 spriggan berserkers
  6 spriggans
  8 tengu warriors
  A death yak (Shoals:2)
  6 thrashing horrors (Abyss:3)
  13 hell knights
  The ghost of Zappman123 the Fighter, a novice GrGl of Okawaru (D:8)
  9 soul eaters
  A shock serpent (shapeshifter) (Elf:1)
  25 deep elf knights
  Nergalle (Lair:1)
  A sixfirhy (Abyss:3)
  2 fire crabs
  2 shadow wraiths (Crypt:3)
  A titan skeleton (Crypt:3)
  A spatial maelstrom (Abyss:3)
  Lodul (D:10)
  66 skeletal warriors
  14 iron trolls
  A salamander mystic (Depths:3)
  A sun moth (Spider:3)
  The ghost of p0werm0de the Blocker, a novice GnFi of Okawaru (D:9)
  8 sea snakes
  41 deep trolls
  3 glowing orange brains
  3 pharaoh ants (Spider:4)
  5 skysharks
  9 flayed ghosts
  A storm dragon skeleton (Crypt:3)
  A spriggan simulacrum (Crypt:2)
  7 orb spiders
  5 bog bodies
  A lindwurm (shapeshifter) (Vaults:4)
  8 steelbarb worms
  2 orange crystal statues
  21 deep elf archers
  19 ironbound convokers
  An obsidian statue (Zot:5)
  10 wizards
  6 phantasmal warriors
  6 necromancers
  19 harpies
  An iron giant skeleton (Crypt:3)
  7 lindwurms
  A sphinx zombie (Crypt:2)
  14 orc knights
  24 deep elf pyromancers
  2 starcursed masses (Abyss:3)
  43 ugly things
  5 orc sorcerers
  29 deep elf zephyrmancers
  A shadow dragon skeleton (Crypt:3)
  A broodmother zombie (Crypt:3)
  A shining eye (shapeshifter) (Vaults:4)
  4 shining eyes
  An eleionoma zombie (Crypt:1)
  22 wolf spiders
  A manticore (shapeshifter) (Vaults:4)
  6 salamanders (Depths:3)
  7 manticores
  4 large abominations (Abyss:3)
  A moth of wrath (shapeshifter) (Elf:1)
  8 fauns
  6 merfolk sirens
  32 moths of wrath
  4 water nymphs (Shoals:4)
  A water nymph (shapeshifter) (Vaults:5)
  Joseph (Lair:1)
  4 black mambas
  2 eyes of devastation (Slime:5)
  10 elephants
  27 vault sentinels
  2 smoke demons
  8 torpor snails
  A molten gargoyle (Depths:3)
  9 demonic crawlers
  3 unseen horrors
  2 gargoyles
  14 cane toads
  8 kobold demonologists
  An orb spider zombie (Crypt:3)
  A dire elephant skeleton (Crypt:3)
  7 freezing wraiths
  A yaktaur (shapeshifter) (Vaults:4)
  2 redback zombies
  9 rime drakes
  22 tengu conjurers
  A rime drake (shapeshifter) (Vaults:5)
  12 komodo dragons
  31 yaktaurs
  A white draconian zombie (Crypt:3)
  A tormentor (Depths:4)
  2 grey draconian skeletons
  A merfolk (shapeshifter) (Depths:4)
  8 trolls
  3 meliai (Spider:1)
  36 merfolk
  8 tyrant leeches
  A queen bee (shapeshifter) (D:9)
  6 wind drakes (Shoals:4)
  Prince Ribbit (Lair:3)
  23 tarantellas
  3 polar bears
  4 raiju (Abyss:3)
  26 blink frogs
  8 hornets
  A hydra skeleton (Crypt:3)
  2 harpy skeletons (Crypt:3)
  A tyrant leech (shapeshifter) (Depths:4)
  Grinder (D:2)
  A mana viper skeleton (Crypt:2)
  A merfolk skeleton (Crypt:3)
  An ettin zombie (Crypt:2)
  A meliai zombie (D:12)
  82 slime creatures
  14 culicivoras
  7 snapping turtles
  A centaur simulacrum (D:15)
  11 air elementals
  21 flying skulls
  A shadow (D:12)
  14 wraiths
  31 jumping spiders
  5 wyverns
  2 vampires (D:12)
  2 ynoxinuls
  16 water elementals
  2 ettin skeletons
  37 yaks
  3 fire bats (Depths:3)
  2 basilisks (shapeshifter)
  2 chaos spawn
  A wind drake skeleton (Crypt:2)
  9 golden eyes (Slime:5)
  A neqoxec (Depths:2)
  4 fire elementals
  45 redbacks
  9 basilisks
  4 steam dragons
  A faun zombie (Crypt:3)
  2 spatial vortices (Abyss:3)
  11 vampire mosquitoes
  Edmund (D:4)
  6 wargs
  10 water moccasins
  3 hell hounds (Orc:2)
  A two-headed ogre skeleton (Crypt:2)
  33 orc warriors
  A black bear (shapeshifter) (Elf:1)
  2 black bears
  An ice beast (D:5)
  3 sky beasts
  8 wolves
  18 ogres
  14 centaurs
  A dream sheep skeleton (Crypt:1)
  A phantom (D:6)
  A fire crab zombie (Crypt:3)
  A vine stalker zombie (Crypt:3)
  7 kobold brigands
  4 elf zombies
  15 bullfrogs
  3 elf skeletons (D:6)
  A gnoll sergeant (D:7)
  5 earth elementals
  7 necrophages
  2 scorpions
  11 wights
  18 killer bees
  3 howler monkeys
  A wolf zombie (Crypt:1)
  7 electric eels
  3 human zombies
  3 hounds
  4 centaur skeletons
  3 gnoll boudas
  13 orc priests
  3 jellies
  Crazy Yiuf (D:2)
  Jessica (D:2)
  3 iguanas (D:5)
  Natasha (thrice) (D:2)
  A basilisk skeleton (Crypt:2)
  A human skeleton (D:6)
  18 orc wizards
  14 hell rats
  10 statues
  A naga zombie (Crypt:1)
  A tengu skeleton (Crypt:1)
  4 mummies (Ossuary)
  A hound zombie (Ossuary)
  24 gnolls
  5 adders
  A white imp (D:7)
  An ufetubus (Abyss:3)
  7 worms
  2 dart slugs (D:1)
  79 orcs
  9 ball pythons
  5 endoplasms
  5 giant cockroaches
  A gnoll zombie (Crypt:2)
  8 hobgoblins
  4 quokkas
  6 bats
  3 frilled lizards
  11 goblins
  A goblin skeleton (Crypt:3)
  A goblin zombie (Ossuary)
  2 hobgoblin zombies (Ossuary)
  A jackal skeleton (Crypt:2)
  A jackal zombie (Crypt:3)
  34 kobolds
  A kobold zombie (Ossuary)
  3 orc skeletons (D:6)
  3 orc zombies
  A quokka zombie (Crypt:1)
  5 rats
  2 rat zombies (Ossuary)
  A river rat skeleton (Crypt:1)
  3 starspawn tentacles (Abyss:3)
  3 tentacles (Shoals:2)
2605 creatures vanquished.

Vanquished Creatures (collateral kills)
  An ancient lich (Vaults:5)
  A juggernaut (Depths:3)
  Parghit (Depths:4)
  2 Killer Klowns (Zot:5)
  A curse toe (Zot:2)
  A golden dragon (Zot:2)
  Nikola (Shoals:1)
  Rupert (D:13)
  A lich (Depths:4)
  4 acid blobs (Slime:5)
  A deep elf blademaster (Elf:3)
  4 deep elf master archers (Elf:3)
  Polyphemus (Shoals:2)
  A storm dragon (Zot:3)
  Donald (Orc:2)
  2 deep elf sorcerers (Elf:3)
  A vault warden (Vaults:2)
  A fire giant (Depths:4)
  A draconian stormcaller (WizLab)
  2 draconian annihilators
  A draconian scorcher (WizLab)
  A cacodemon (Depths:2)
  A deep elf elementalist (Elf:3)
  A war gargoyle (Vaults:3)
  A quicksilver ooze (Slime:5)
  An ironbound thunderhulk (Vaults:2)
  4 very ugly things (Depths:4)
  A green draconian (Zot:4)
  A deep elf demonologist (Elf:3)
  A yellow draconian (Zot:3)
  A deep elf annihilator (Elf:3)
  An ettin (Vaults:5)
  A merfolk impaler (Shoals:1)
  A crystal guardian (Vaults:4)
  An entropy weaver (Spider:3)
  A peacekeeper (Vaults:4)
  A vault guard (D:14)
  A rakshasa (Depths:2)
  A merfolk avatar (Shoals:4)
  A death yak (Shoals:2)
  7 dancing weapons
  Sonja (Lair:4)
  3 deep elf knights (Elf:2)
  4 pharaoh ants
  9 slime creatures
  A harpy (Shoals:4)
  An ironbound convoker (Vaults:2)
  A deep elf zephyrmancer (Elf:2)
  A wolf spider (Spider:3)
  A manticore (D:13)
  A komodo dragon (Lair:5)
  A freezing wraith (D:13)
  2 tarantellas
  A troll (Orc:2)
  A polar bear (Lair:3)
  2 snapping turtles
  2 culicivoras (Spider:4)
  An air elemental (Shoals:4)
  A shadow (D:13)
  4 water elementals
  2 redbacks
  A redback (shapeshifter) (Vaults:5)
  A warg (Orc:2)
  A water moccasin (Lair:3)
  4 orc warriors (Orc:2)
  An ogre (D:10)
  A bullfrog (Lair:3)
  An earth elemental (Elf:3)
  An orc priest (Orc:2)
  2 orc wizards (Orc:2)
  9 orcs (Orc:2)
121 creatures vanquished.

Vanquished Creatures (others)
  A rockslime (Slime:5)
  A fire giant (Vaults:5)
  A draconian knight (Zot:2)
  A deep elf elementalist (Elf:3)
  A war gargoyle (Vaults:5)
  An ogre mage (Vaults:2)
  A thrashing horror (Abyss:3)
  A deep elf knight (Elf:2)
  A wizard (Vaults:4)
  2 deep elf pyromancers (Elf:3)
  A bullfrog (Lair:3)
  An orc priest (Orc:2)
  3 orc wizards
  2 orcs (Orc:2)
  A ball lightning (Elf:3)
  21 fungi
  155 plants
  7 tentacles (Shoals:2)
  6 withered plants (Zot:2)
208 creatures vanquished.

Grand Total: 2934 creatures vanquished

Notes
Turn   | Place    | Note
-------+----------+-------------------------------------------
     0 | D:1      | rigao the Gargoyle Hexslinger began the quest for the Orb.
     0 | D:1      | Reached XP level 1. HP: 12/12 MP: 2/2
   141 | D:1      | Reached skill level 2 in Fighting
   200 | D:1      | Found a faded altar of an unknown god.
   211 | D:1      | Reached XP level 2. HP: 14/17 MP: 3/3
   588 | D:1      | Reached skill level 3 in Fighting
   597 | D:1      | Reached XP level 3. HP: 23/23 MP: 4/4
  1125 | D:2      | Noticed Jessica
  1155 | D:2      | Killed Jessica
  1156 | D:2      | Reached skill level 4 in Fighting
  1156 | D:2      | Reached XP level 4. HP: 25/29 MP: 5/5
  1426 | D:2      | Noticed Natasha
  1436 | D:2      | Killed Natasha
  1615 | D:2      | Found a runed translucent door.
  1616 | D:2      | Noticed Crazy Yiuf
  1644 | D:2      | Noticed Natasha
  1660 | D:2      | Killed Natasha
  1661 | D:2      | Reached skill level 5 in Fighting
  1661 | D:2      | Reached XP level 5. HP: 22/35 MP: 6/6
  1821 | D:2      | Noticed Natasha
  1822 | D:3      | Found Qenalul's Book Emporium.
  1847 | D:2      | Killed Natasha
  1922 | D:3      | Noticed Grinder
  1926 | D:3      | Paralysed by Grinder for 2 turns
  1934 | D:2      | Paralysed by Grinder for 5 turns
  1958 | D:2      | Killed Grinder
  1959 | D:2      | Reached XP level 6. HP: 40/40 MP: 7/7
  2179 | D:3      | Found an opulent altar of Gozag.
  2470 | D:4      | Found a bloodstained altar of Trog.
  2493 | D:4      | Reached XP level 7. HP: 33/44 MP: 8/8
  2494 | D:4      | Became a worshipper of Trog the Wrathful
  2546 | D:4      | Reached skill level 5 in Maces & Flails
  2620 | D:4      | Noticed Edmund
  2712 | D:4      | Found an ornate altar of the Wu Jian Council.
  2784 | D:4      | Reached skill level 1 in Armour
  2862 | D:4      | Killed Edmund
  2863 | D:4      | Reached skill level 6 in Fighting
  3036 | D:5      | Entered Level 5 of the Dungeon
  3047 | D:5      | Found a staircase to the Ecumenical Temple.
  3051 | Temple   | Entered the Ecumenical Temple
  3324 | D:5      | Noticed a troll
  3351 | D:4      | Killed a troll
  3352 | D:4      | Reached XP level 8. HP: 40/52 MP: 9/9
  3408 | D:5      | Reached * piety under Trog
  3680 | D:5      | Reached skill level 7 in Fighting
  3847 | D:5      | Found a blossoming altar of Fedhas.
  4275 | D:6      | You are sucked into a shaft and drop 3 floors!
  4369 | D:9      | Reached skill level 5 in Armour
  4369 | D:9      | Reached XP level 9. HP: 58/59 MP: 10/10
  4393 | D:9      | Noticed a troll
  4401 | D:9      | Killed a troll
  4402 | D:9      | Reached skill level 8 in Fighting
  4432 | D:9      | Found a white marble altar of Elyvilon.
  4467 | D:8      | Found Xeus's Specific Store.
  4492 | D:8      | Found Ituo's General Store.
  4500 | D:8      | Bought a scroll of brand weapon for 114 gold pieces
  4500 | D:8      | Bought a potion of might for 48 gold pieces
  4779 | D:7      | Reached ** piety under Trog
  4905 | D:6      | Found a sand-covered staircase.
  4912 | Ossuary  | Entered an ossuary
  4931 | Ossuary  | Reached skill level 9 in Fighting
  5221 | Ossuary  | Reached XP level 10. HP: 66/66 MP: 11/11
  5361 | D:6      | Reached *** piety under Trog
  5468 | D:6      | Found a glowing golden altar of the Shining One.
  5803 | D:6      | Found a basalt altar of Yredelemnul.
  6486 | D:7      | Found a sparkling altar of Nemelex Xobeh.
  6487 | D:7      | Found an ancient bone altar of Kikubaaqudgha.
  6487 | D:7      | Found a stormy altar of Qazlal.
  6491 | D:7      | Found a hide-covered altar of Uskayaw.
  7120 | D:8      | Reached skill level 10 in Fighting
  7216 | D:8      | Found a runed translucent door.
  7217 | D:8      | Noticed Zappman123's ghost (novice GrGl)
  7334 | D:8      | Found an iron altar of Okawaru.
  7799 | D:9      | Found a snail-covered altar of Cheibriados.
  7864 | D:9      | Found a runed translucent door.
  7865 | D:9      | Noticed a wolf spider
  8067 | D:9      | Reached skill level 1 in Evocations
  8082 | D:9      | Found a staircase to the Lair.
  8118 | D:9      | Reached **** piety under Trog
  8203 | D:9      | Found a runed translucent door.
  8444 | D:9      | Noticed p0werm0de's ghost (novice GnFi)
  8459 | Lair:1   | Entered Level 1 of the Lair of Beasts
  8549 | Lair:1   | Reached XP level 11. HP: 73/73 MP: 12/12
  8777 | Lair:1   | Noticed Nergalle
  8786 | Lair:1   | Killed Nergalle
  8789 | Lair:1   | Noticed Erica
  8823 | Lair:1   | Killed Erica
  8827 | Lair:1   | Reached skill level 10 in Maces & Flails
  8832 | Lair:1   | Reached skill level 11 in Fighting
  8932 | Lair:1   | Noticed Joseph
  8950 | Lair:1   | Killed Joseph
  8964 | Lair:1   | You are sucked into a shaft and drop 1 floor!
  8964 | Lair:2   | Noticed a four-headed hydra
  8975 | Lair:2   | Killed a four-headed hydra
  9018 | Lair:2   | Found a hole to the Spider Nest.
  9128 | Lair:2   | Reached skill level 10 in Armour
  9498 | Lair:2   | Reached XP level 12. HP: 80/80 MP: 13/13
  9528 | Lair:2   | Reached skill level 5 in Evocations
  9713 | Lair:2   | Reached skill level 12 in Fighting
 10221 | Lair:3   | Reached ***** piety under Trog
 10416 | Lair:3   | Noticed Prince Ribbit
 10435 | Lair:3   | Killed Prince Ribbit
 10735 | Lair:3   | Noticed an eight-headed hydra
 10745 | Lair:3   | Killed an eight-headed hydra
 10748 | Lair:3   | Reached XP level 13. HP: 69/87 MP: 14/14
 10820 | Lair:3   | Noticed a dire elephant
 10820 | Lair:3   | Noticed a dire elephant
 11030 | Lair:3   | Reached skill level 13 in Fighting
 11140 | Lair:3   | Found a staircase to the Shoals.
 11497 | Lair:4   | Received a gift from Trog
 12235 | Lair:4   | Noticed Sonja
 12239 | Lair:4   | Killed Sonja
 12564 | Lair:5   | Entered Level 5 of the Lair of Beasts
 13198 | Lair:5   | Found a runed translucent door.
 13218 | Lair:5   | Reached skill level 14 in Fighting
 13235 | Lair:5   | Gained mutation: Your large and strong wings let you fly.
                  | [Gargoyle growth]
 13235 | Lair:5   | Reached XP level 14. HP: 93/96 MP: 15/15
 13289 | Lair:5   | Identified the +8 falchion "Xacun" {elec, rF+ rN+ MP+9
                  | Dex+2}
 13459 | Lair:5   | Found a staircase to the Slime Pits.
 13642 | Lair:5   | Noticed rlgrobin's ghost (journeyman DEDe)
 13947 | Lair:3   | Killed a dire elephant
 13952 | Lair:3   | Killed a dire elephant
 14121 | D:10     | Entered Level 10 of the Dungeon
 14130 | D:10     | Found a flagged portal.
 14174 | Bailey   | Entered a bailey
 14634 | D:10     | Noticed Lodul
 14664 | D:10     | Killed Lodul
 14746 | D:10     | Found a burning altar of Makhleb.
 15406 | D:11     | Noticed Josephine
 15417 | D:11     | Killed Josephine
 15533 | D:11     | Found a radiant altar of Vehumet.
 15664 | D:11     | Found a staircase to the Orcish Mines.
 16212 | Orc:1    | Entered Level 1 of the Orcish Mines
 16345 | Orc:2    | Entered Level 2 of the Orcish Mines
 16388 | Orc:1    | Received a gift from Trog
 16791 | Orc:2    | Noticed Snorg
 16802 | Orc:2    | Killed Snorg
 16968 | Orc:2    | Noticed an orc warlord
 17106 | Orc:2    | Found a staircase to the Elven Halls.
 17117 | Orc:1    | Reached skill level 15 in Fighting
 17351 | Orc:1    | Killed an orc warlord
 17662 | Orc:2    | Noticed Saint Roka
 17928 | Orc:2    | Killed Saint Roka
 17929 | Orc:2    | Reached skill level 10 in Evocations
 17929 | Orc:2    | Reached XP level 15. HP: 103/103 MP: 16/16
 18089 | Orc:2    | Noticed Donald
 18116 | Orc:2    | Killed Donald
 18335 | Orc:2    | Noticed Azrael
 18356 | Orc:2    | Killed Azrael
 18374 | Orc:2    | Received a gift from Trog
 18445 | Orc:2    | Noticed Jorgrun
 18453 | Orc:2    | Killed Jorgrun
 18553 | Orc:2    | Reached skill level 15 in Armour
 18561 | Orc:2    | Reached skill level 16 in Fighting
 18688 | Orc:2    | Found Niuzupn's Book Shoppe.
 18688 | Orc:2    | Found Vetoy's Weapon Boutique.
 18690 | Orc:2    | Found Nueqeari's Distillery.
 18690 | Orc:2    | Found Qypotreu's Armour Boutique.
 18698 | Orc:2    | Bought a potion of might for 48 gold pieces
 19471 | D:12     | Found a basalt altar of Yredelemnul.
 19564 | D:12     | Noticed Frances
 19584 | D:12     | Killed Frances
 19757 | D:13     | Received a gift from Trog
 19886 | D:13     | Noticed Rupert
 19905 | D:13     | Killed Rupert
 20261 | D:13     | Found a portal to a secret trove of treasure.
 20502 | D:14     | Reached skill level 17 in Fighting
 20747 | D:14     | Reached XP level 16. HP: 109/112 MP: 17/17
 20803 | D:14     | Received a gift from Trog
 20939 | D:14     | Found a gate to the Vaults.
 21524 | D:15     | Entered Level 15 of the Dungeon
 21653 | D:15     | Found a staircase to the Depths.
 21691 | D:15     | Reached skill level 18 in Fighting
 22459 | D:15     | Received a gift from Trog
 22979 | Spider:1 | Entered Level 1 of the Spider Nest
 24438 | Spider:1 | Reached skill level 1 in Shields
 24977 | Spider:2 | Reached skill level 5 in Dodging
 24977 | Spider:2 | Reached XP level 17. HP: 113/120 MP: 18/18
 26485 | Spider:3 | Reached skill level 5 in Shields
 26755 | Spider:4 | Entered Level 4 of the Spider Nest
 26949 | Spider:3 | Received a gift from Trog
 27567 | Spider:4 | Reached skill level 15 in Maces & Flails
 27776 | D:8      | Bought the +5 shadow dragon scales of Kizoczuu {rF+
                  | Stlth++++} for 1356 gold pieces
 28840 | Spider:4 | Noticed Arachne
 28847 | Spider:4 | Killed Arachne
 29655 | Spider:4 | Reached XP level 18. HP: 126/126 MP: 19/19
 30052 | Spider:4 | Reached skill level 10 in Shields
 30568 | Spider:4 | Got a gossamer rune of Zot
 31459 | D:2      | Killed Crazy Yiuf
 31608 | D:8      | Killed Zappman123's ghost
 31691 | D:9      | Killed p0werm0de's ghost
 32008 | Lair:5   | Received a gift from Trog
 32030 | Lair:5   | Killed rlgrobin's ghost
 32141 | Shoals:1 | Entered Level 1 of the Shoals
 32153 | Shoals:1 | Noticed Aizul
 32192 | Shoals:1 | Killed Aizul
 32637 | Shoals:1 | Noticed Nikola
 32652 | Shoals:1 | Killed Nikola
 33452 | Shoals:2 | Noticed Polyphemus
 33472 | Shoals:2 | Killed Polyphemus
 33761 | Shoals:2 | Found Fipson's Antique Weapon Shop.
 34226 | Shoals:3 | Noticed Roxanne
 35232 | Shoals:3 | Killed Roxanne
 35233 | Shoals:3 | Reached skill level 15 in Shields
 35291 | Shoals:4 | Entered Level 4 of the Shoals
 35298 | Shoals:4 | Identified the +3 hand axe of Disarray {flame, *Slow rN+
                  | rCorr} (Trog gifted it to you on level 4 of the Shoals)
 35298 | Shoals:4 | Received a gift from Trog
 35486 | Shoals:4 | Paralysed by an air elemental for 1 turns
 35493 | Shoals:4 | Paralysed by an air elemental for 1 turns
 35530 | Shoals:4 | Paralysed by an air elemental for 1 turns
 35540 | Shoals:4 | Paralysed by an air elemental for 1 turns
 35547 | Shoals:4 | Reached XP level 19. HP: 112/132 MP: 6/20
 35653 | Shoals:4 | Paralysed by an air elemental for 1 turns
 35656 | Shoals:4 | Paralysed by an air elemental for 1 turns
 35684 | Shoals:4 | Paralysed by an air elemental for 1 turns
 35692 | Shoals:4 | Paralysed by an air elemental for 1 turns
 35993 | Shoals:4 | Paralysed by an air elemental for 1 turns
 36003 | Shoals:4 | Paralysed by an air elemental for 1 turns
 36067 | Shoals:4 | Paralysed by an air elemental for 1 turns
 36075 | Shoals:4 | Paralysed by an air elemental for 1 turns
 36095 | Shoals:4 | Paralysed by an air elemental for 1 turns
 36482 | Shoals:4 | Paralysed by an air elemental for 1 turns
 36486 | Shoals:4 | Reached skill level 19 in Fighting
 36514 | Shoals:4 | Paralysed by an air elemental for 1 turns
 36519 | Shoals:4 | Paralysed by an air elemental for 1 turns
 36664 | Shoals:4 | Received a gift from Trog
 37009 | Shoals:4 | Got a barnacled rune of Zot
 37990 | Vaults:1 | Entered Level 1 of the Vaults
 38557 | Vaults:1 | Identified the amulet "Qixinae" {Reflect Drain Str+4 Dex+9
                  | SH+5 Stlth-}
 38622 | Vaults:1 | Received a gift from Trog
 38752 | Vaults:1 | Reached skill level 1 in Throwing
 39064 | Vaults:1 | Identified a scroll of acquirement
 39093 | Vaults:1 | Identified the +0 scale mail of the Gate {rElec Will- Dex+8
                  | Stlth-}
 39099 | Vaults:1 | Acquired a +0 hat of willpower
 39665 | Vaults:1 | Found Girch's Antique Weapon Shop.
 39673 | Vaults:1 | Bought a glowing broad axe for 308 gold pieces
 39968 | Vaults:2 | Noticed Margery
 39977 | Vaults:1 | Reached XP level 20. HP: 105/140 MP: 7/21
 40145 | Vaults:1 | Killed Margery
 40145 | Vaults:1 | Received a gift from Trog
 41336 | Vaults:2 | Found Jideggyg's Armour Shop.
 41336 | Vaults:2 | Noticed Asterion
 41345 | Vaults:2 | Killed Asterion
 41691 | Vaults:2 | Received a gift from Trog
 42099 | Vaults:2 | Reached skill level 20 in Fighting
 42334 | Vaults:3 | Noticed Mennas
 42349 | Vaults:2 | HP: 7/140 [Mennas/+4 sacred scourge of holy wrath (23)]
 42361 | Vaults:2 | Killed Mennas
 42719 | Vaults:3 | Reached skill level 5 in Throwing
 43678 | Vaults:3 | Noticed Jory
 43701 | Vaults:3 | Killed Jory
 43988 | Vaults:3 | Reached XP level 21. HP: 147/147 MP: 7/22
 44272 | Vaults:3 | Received a gift from Trog
 44680 | Vaults:3 | Found a staircase to the Crypt.
 45159 | Vaults:3 | Reached XP level 22. HP: 153/153 MP: 23/23
 45945 | Vaults:3 | Reached skill level 21 in Fighting
 46019 | Vaults:4 | Received a gift from Trog
 47251 | Vaults:4 | Identified the +7 flail of Duohe Ruot {flame, Will+}
 47423 | Vaults:4 | Received a gift from Trog
 48586 | Elf:1    | Entered Level 1 of the Elven Halls
 48595 | Elf:1    | Found a magical portal.
 48596 | Elf:1    | Found Roxeym's Assorted Antiques.
 48604 | WizLab   | Entered Iskenderun's Mystic Tower
 50528 | Elf:1    | Bought a potion of heal wounds for 145 gold pieces
 50645 | Elf:1    | Reached skill level 10 in Dodging
 50869 | Elf:1    | Reached XP level 23. HP: 161/161 MP: 24/24
 50898 | Elf:1    | Received a gift from Trog
 51237 | Elf:1    | Paralysed by an air elemental for 1 turns
 52347 | Elf:2    | Found a runed translucent gate.
 52352 | Elf:2    | Found a runed translucent gate.
 52352 | Elf:2    | Found a runed translucent gate.
 52595 | Elf:2    | Reached skill level 22 in Fighting
 52609 | Elf:2    | Reached ****** piety under Trog
 52981 | Elf:3    | Entered Level 3 of the Elven Halls
 53041 | Elf:3    | Reached skill level 1 in Axes
 53046 | Elf:3    | Received a gift from Trog
 53406 | Elf:3    | Found a runed translucent door.
 53407 | Elf:3    | Noticed jazmu's ghost (adept DgHu)
 53618 | Elf:3    | Identified the +7 shortbow of Hyono {elec, Dex+3}
 53847 | Elf:3    | Reached skill level 5 in Axes
 54248 | Elf:3    | Received a gift from Trog
 54304 | Elf:3    | Identified the +2 robe of a volcano {Will+ rCorr}
 54401 | Elf:3    | Identified the +4 falchion "Tisel" {flame, rF+}
 54746 | Elf:3    | Identified the +4 arbalest "Unyeh" {flame, Contam rF+ rC++
                  | Str+3}
 54748 | Elf:3    | Identified the ring of Xom's Full Attention {Str+6 Int-3
                  | Dex+4}
 54752 | Elf:3    | Identified the +5 morningstar "Qaumauha" {heavy, rC+++
                  | Will- MP+9 Str+3}
 54754 | Elf:3    | Identified the +2 hand axe "Spiderslayer" {freeze, rPois
                  | rC- SInv}
 55211 | Crypt:1  | Entered Level 1 of the Crypt
 55504 | Crypt:1  | Reached XP level 24. HP: 163/168 MP: 24/24
 55848 | Crypt:1  | Received a gift from Trog
 56126 | Crypt:1  | Reached skill level 10 in Axes
 56161 | Crypt:1  | Identified the +0 ring mail "Wijeud" {Fly rF- Regen+ rCorr}
 56600 | Crypt:2  | Noticed Boris
 56611 | Crypt:1  | Killed Boris
 58273 | Crypt:3  | Entered Level 3 of the Crypt
 58550 | Crypt:3  | Received a gift from Trog
 58707 | Crypt:3  | Found a staircase to the Tomb.
 59368 | Crypt:3  | Found a basalt altar of Yredelemnul.
 59441 | Crypt:3  | Noticed a dread lich
 59460 | Crypt:3  | Killed a dread lich
 59681 | Crypt:3  | Found the brooch of Shielding {Spirit SH+8}
 59703 | Crypt:3  | Identified the +1 pair of gloves of Qazlal's Hatred {Str-4
                  | Dex+7 Slay+5}
 59720 | Crypt:3  | Identified the ring of Miop {rF+ rC++ rN+ Int+4}
 59720 | Crypt:3  | Identified the ring "Baesiwits" {rF+ rN+}
 59730 | Crypt:3  | Identified the ring of Zufass {MP+9 Str-5 Int+3 Dex+4}
 59943 | Crypt:3  | Found the +6 Majin-Bo {spellvamp, MP+6 Int+6}
 60005 | Crypt:3  | Reached XP level 25. HP: 173/173 MP: 24/24
 60030 | Crypt:3  | Reached skill level 15 in Axes
 60227 | Crypt:3  | Received a gift from Trog
 60520 | Depths:1 | Entered Level 1 of the Depths
 60538 | Depths:1 | Found a gateway to Hell.
 61703 | Depths:2 | Received a gift from Trog
 61839 | Depths:2 | Noticed a juggernaut
 61866 | Depths:2 | Killed a juggernaut
 62303 | Depths:2 | Found Kimoel's General Store.
 62384 | Depths:2 | Found a one-way gate leading to the halls of Pandemonium.
 62896 | Depths:2 | Noticed Vv
 62945 | Depths:2 | Killed Vv
 63048 | Depths:2 | Received a gift from Trog
 63108 | Depths:2 | Identified the +1 ring mail "Otyagadu" {Str+2}
 63500 | Depths:3 | Reached XP level 26. HP: 180/180 MP: 24/24
 63620 | Depths:3 | Found a one-way gate to the infinite horrors of the Abyss.
 63663 | Depths:3 | Found a one-way gateway to a ziggurat.
 63927 | Depths:3 | Received a gift from Trog
 63961 | Depths:3 | Reached skill level 10 in Throwing
 63969 | Depths:3 | Noticed a juggernaut
 63983 | Depths:3 | Killed a juggernaut
 64510 | Depths:3 | Found the +10 morningstar "Eos" {elec, Halo rElec}
 64606 | Depths:3 | You are sucked into a shaft and drop 1 floor!
 64606 | Depths:4 | Entered Level 4 of the Depths
 64609 | Depths:4 | Found a gate to the Realm of Zot.
 64613 | Depths:4 | Noticed Parghit
 64617 | Depths:4 | Found a hide-covered altar of Uskayaw.
 65190 | Depths:3 | Found the +8 demon trident "Rift" {distort, reach+}
 65363 | Depths:3 | Reached skill level 23 in Fighting
 65647 | Depths:4 | Found Gaytsaba's Book Shoppe.
 65649 | Depths:4 | Found Eluduh's Assorted Antiques.
 65652 | Depths:4 | Found Olocseyl's Weapon Shoppe.
 65769 | Depths:4 | Killed Parghit
 65964 | Depths:4 | Received a gift from Trog
 66071 | Depths:4 | Identified the +6 plate armour of Mijeolle {*Corrode rC++
                  | Will+++ Dex-3}
 66333 | Depths:4 | Noticed Grunn
 66371 | Depths:4 | Killed Grunn
 66628 | Depths:4 | Noticed Sojobo
 66647 | Depths:4 | Killed Sojobo
 66754 | Depths:4 | Received a gift from Trog
 66769 | Depths:4 | Reached XP level 27. HP: 184/189 MP: 24/24
 67458 | Vaults:5 | Entered Level 5 of the Vaults
 67730 | Vaults:5 | Gained mutation: Armour fits poorly on your strangely
                  | shaped body. [a shining eye]
 67754 | Vaults:4 | Reached skill level 24 in Fighting
 68277 | Vaults:5 | Received a gift from Trog
 68662 | Vaults:5 | Noticed a dread lich
 68677 | Vaults:4 | Killed a dread lich
 68875 | Vaults:5 | Noticed an ancient lich
 68898 | Vaults:5 | Killed an ancient lich
 68924 | Vaults:5 | Received a gift from Trog
 69052 | Vaults:5 | Found Azxyquepn's Distillery.
 69056 | Vaults:5 | Bought a potion of cancellation for 168 gold pieces
 69056 | Vaults:5 | Bought a potion of might for 84 gold pieces
 69076 | Vaults:5 | Found Heum's Distillery.
 69076 | Vaults:5 | Found Ociniting's Distillery.
 69097 | Vaults:5 | Bought a potion of haste for 180 gold pieces
 69097 | Vaults:5 | Bought a potion of heal wounds for 90 gold pieces
 69097 | Vaults:5 | Bought a potion of resistance for 180 gold pieces
 69097 | Vaults:5 | Bought a potion of mutation for 144 gold pieces
 69109 | Vaults:5 | Bought a potion of haste for 160 gold pieces
 69109 | Vaults:5 | Bought a potion of might for 64 gold pieces
 69109 | Vaults:5 | Bought a potion of might for 64 gold pieces
 69109 | Vaults:5 | Bought a potion of mutation for 128 gold pieces
 69109 | Vaults:5 | Bought a potion of cancellation for 128 gold pieces
 69243 | Abyss:3  | Cast into level 3 of the Abyss (a deep elf sorcerer)
 69421 | Abyss:3  | Found a corrupted altar of Lugonu.
 69442 | Vaults:5 | Escaped the Abyss
 69829 | Vaults:5 | Found Zaywu's Distillery.
 69837 | Vaults:5 | Bought a potion of cancellation for 184 gold pieces
 69837 | Vaults:5 | Bought a potion of mutation for 184 gold pieces
 69837 | Vaults:5 | Bought a potion of might for 92 gold pieces
 69872 | Vaults:5 | Found Xilocreo's Antique Armour Emporium.
 69876 | Vaults:5 | Bought an embroidered cloak for 255 gold pieces
 70022 | Vaults:5 | Found Nuischady's Magic Scroll Boutique.
 70032 | Vaults:5 | Reached skill level 25 in Fighting
 70037 | Vaults:5 | Bought a scroll of silence for 218 gold pieces
 70037 | Vaults:5 | Bought a scroll of silence for 218 gold pieces
 70037 | Vaults:5 | Bought a scroll of enchant weapon for 172 gold pieces
 70037 | Vaults:5 | Bought a scroll of teleportation for 69 gold pieces
 70037 | Vaults:5 | Bought a scroll of silence for 218 gold pieces
 70046 | Vaults:5 | Noticed Boris
 70048 | Vaults:5 | Found Muqoesukid's Magic Scroll Shoppe.
 70069 | Vaults:5 | Killed Boris
 70105 | Vaults:5 | Bought a scroll of poison for 60 gold pieces
 70105 | Vaults:5 | Bought a scroll of teleportation for 45 gold pieces
 70109 | Vaults:5 | Found Jixta's Distillery.
 70113 | Vaults:5 | Bought a potion of resistance for 190 gold pieces
 70113 | Vaults:5 | Bought a potion of might for 76 gold pieces
 70113 | Vaults:5 | Bought a potion of haste for 190 gold pieces
 70113 | Vaults:5 | Bought a potion of cancellation for 152 gold pieces
 70125 | Vaults:5 | Found Guups's Magic Scroll Emporium.
 70151 | Vaults:5 | Bought a scroll of teleportation for 63 gold pieces
 70151 | Vaults:5 | Bought a scroll of enchant armour for 157 gold pieces
 70151 | Vaults:5 | Bought a scroll of enchant armour for 157 gold pieces
 70151 | Vaults:5 | Bought a scroll of teleportation for 63 gold pieces
 70151 | Vaults:5 | Bought a scroll of blinking for 157 gold pieces
 70151 | Vaults:5 | Bought a scroll of enchant weapon for 157 gold pieces
 70231 | Vaults:5 | Found Sugeh's Assorted Antiques.
 70240 | Vaults:5 | Got a silver rune of Zot
 70748 | Slime:1  | Entered Level 1 of the Pits of Slime
 71026 | Slime:5  | Entered Level 5 of the Pits of Slime
 71040 | Slime:5  | Noticed the Royal Jelly
 71057 | Slime:5  | Reached skill level 15 in Dodging
 71341 | Slime:5  | Gained mutation: You occasionally lose the ability to read
                  | scrolls when taking damage. [a shining eye]
 71345 | Slime:4  | Gained mutation: Your body sometimes deteriorates upon
                  | taking damage. [a shining eye]
 71347 | Slime:4  | Gained mutation: You are dopey. (Int -2) [a shining eye]
 71404 | Slime:4  | Received a gift from Trog
 71611 | Slime:5  | Found a viscous altar of Jiyva.
 72316 | Slime:5  | Killed the Royal Jelly
 72573 | Slime:5  | Found the ring of the Hare {EV+10}
 72574 | Slime:5  | Found the +2 cloak of the Thief {*Fog Slay-2 SInv Stlth+}
 72584 | Slime:5  | Got a slimy rune of Zot
 72585 | Slime:5  | Identified the +0 ring mail "Uginkeora" {Harm Int+4}
 72609 | Slime:5  | Identified the +7 plate armour "Fionki" {Rampage Regen+}
 72620 | Slime:5  | Identified the +10 shortbow of Context {heavy, rN+}
 72633 | Slime:5  | Identified the ring "Paumir" {rPois rF+ rN+ Int-4}
 72640 | Slime:5  | Identified the +9 hand axe of the Warrior {freeze, rC+
                  | Int-4 Dex+7 Stlth+}
 72938 | Lair:5   | Lost mutation: Your body sometimes deteriorates upon taking
                  | damage. [potion of mutation]
 72938 | Lair:5   | Lost mutation: You occasionally lose the ability to read
                  | scrolls when taking damage. [potion of mutation]
 72938 | Lair:5   | Lost mutation: You are dopey. (Int -2) [potion of mutation]
 72938 | Lair:5   | Gained mutation: Your body sometimes deteriorates upon
                  | taking damage. [potion of mutation]
 72938 | Lair:5   | Gained mutation: You are weak. (Str -2) [potion of
                  | mutation]
 72938 | Lair:5   | Gained mutation: You occasionally lose the ability to read
                  | scrolls when taking damage. [potion of mutation]
 72938 | Lair:5   | Gained mutation: Your movements are slightly less
                  | encumbered by armour. (ER -2) [potion of mutation]
 72939 | Lair:5   | Lost mutation: You occasionally lose the ability to read
                  | scrolls when taking damage. [potion of mutation]
 72939 | Lair:5   | Lost mutation: Your body sometimes deteriorates upon taking
                  | damage. [potion of mutation]
 72939 | Lair:5   | Gained mutation: You are strong-willed. (Will+) [potion of
                  | mutation]
 72939 | Lair:5   | Gained mutation: You have sharp fingernails. [potion of
                  | mutation]
 72939 | Lair:5   | Lost mutation: You are strong-willed. (Will+) [potion of
                  | mutation]
 72940 | Lair:5   | Lost mutation: Armour fits poorly on your strangely shaped
                  | body. [potion of mutation]
 72940 | Lair:5   | Lost mutation: You are weak. (Str -2) [potion of mutation]
 72940 | Lair:5   | Lost mutation: Your movements are slightly less encumbered
                  | by armour. (ER -2) [potion of mutation]
 72940 | Lair:5   | Gained mutation: You have very sharp fingernails. [potion
                  | of mutation]
 72940 | Lair:5   | Gained mutation: You passively dampen the noise of your
                  | surroundings. [potion of mutation]
 72940 | Lair:5   | Gained mutation: You passively map a small area around you.
                  | [potion of mutation]
 72940 | Lair:5   | Gained mutation: A frigid envelope surrounds you and
                  | freezes all who hurt you. [potion of mutation]
 73283 | Zot:1    | Entered Level 1 of the Realm of Zot
 73509 | Zot:4    | Reached skill level 26 in Fighting
 75114 | Zot:3    | Received a gift from Trog
 75872 | Zot:2    | Found a runed translucent gate.
 75873 | Zot:2    | Found a runed translucent gate.
 75874 | Zot:2    | Found a runed translucent gate.
 75884 | Zot:2    | Noticed Ahiemauce's ghost (veteran DrSu)
 75884 | Zot:2    | Noticed Oczupsu's ghost (legendary GrFi)
 76190 | Zot:2    | Reached skill level 27 in Fighting
 76447 | Zot:2    | Noticed an orb of fire
 76467 | Zot:2    | Killed an orb of fire
 77028 | Zot:1    | Found a transporter.
 77042 | Zot:1    | Found a transporter.
 77386 | Zot:1    | You are sucked into a shaft and drop 1 floor!
 78221 | Zot:1    | Identified the ring of Powe Pae {rF+ rN+ Will+ Int+4}
 78227 | Zot:1    | Identified the +12 fire dragon scales of the Volcano {rF++
                  | rC- Str+5 Int+4 SInv}
 78235 | Zot:1    | Identified the +2 pair of boots of the Nexus {rC+}
 78455 | Zot:5    | Entered Level 5 of the Realm of Zot
 79265 | Zot:5    | Noticed an orb of fire
 79291 | Zot:5    | Killed an orb of fire
 81445 | Zot:5    | Noticed an ancient lich
 81469 | Zot:5    | Killed an ancient lich
 81518 | Zot:5    | Noticed an ancient lich
 81525 | Zot:5    | Noticed an orb of fire
 81526 | Zot:5    | Killed an ancient lich
 81539 | Zot:5    | Gained mutation: Your body sometimes deteriorates upon
                  | taking damage. [an orb of fire]
 81542 | Zot:5    | Killed an orb of fire
 81714 | Zot:5    | Noticed an orb of fire
 81727 | Zot:5    | Gained mutation: You occasionally lose the ability to read
                  | scrolls when taking damage. [an orb of fire]
 81732 | Zot:5    | Gained mutation: You are weak. (Str -2) [an orb of fire]
 81739 | Zot:5    | Killed an orb of fire
 81763 | Zot:5    | Lost mutation: Your body sometimes deteriorates upon taking
                  | damage. [potion of mutation]
 81763 | Zot:5    | Lost mutation: A frigid envelope surrounds you and freezes
                  | all who hurt you. [potion of mutation]
 81763 | Zot:5    | Lost mutation: You passively dampen the noise of your
                  | surroundings. [potion of mutation]
 81763 | Zot:5    | Gained mutation: You sometimes lose your temper in combat.
                  | [potion of mutation]
 81763 | Zot:5    | Gained mutation: You have large cloven feet. [potion of
                  | mutation]
 81764 | Zot:5    | Lost mutation: You passively map a small area around you.
                  | [potion of mutation]
 81764 | Zot:5    | Lost mutation: You have very sharp fingernails. [potion of
                  | mutation]
 81764 | Zot:5    | Lost mutation: You occasionally lose the ability to read
                  | scrolls when taking damage. [potion of mutation]
 81764 | Zot:5    | Gained mutation: You are strong-willed. (Will+) [potion of
                  | mutation]
 81764 | Zot:5    | Gained mutation: You have hoof-like feet. [potion of
                  | mutation]
 81765 | Zot:5    | Lost mutation: You sometimes lose your temper in combat.
                  | [potion of mutation]
 81765 | Zot:5    | Lost mutation: You have sharp fingernails. [potion of
                  | mutation]
 81765 | Zot:5    | Gained mutation: You are clumsy. (Dex -2) [potion of
                  | mutation]
 81765 | Zot:5    | Gained mutation: You are very clumsy. (Dex -4) [potion of
                  | mutation]
 81765 | Zot:5    | Gained mutation: You have a pair of small antennae on your
                  | head. [potion of mutation]
 81765 | Zot:5    | Gained mutation: You are somewhat resistant to further
                  | mutation. [potion of mutation]
 82214 | Zot:5    | Noticed a dread lich
 82231 | Zot:5    | Killed a dread lich
 82245 | Zot:5    | Noticed an orb of fire
 82251 | Zot:5    | Gained mutation: You occasionally lose the ability to read
                  | scrolls when taking damage. [an orb of fire]
 82255 | Zot:5    | Killed an orb of fire
 82265 | Zot:5    | Noticed an orb of fire
 82272 | Zot:5    | Gained mutation: Armour fits poorly on your strangely
                  | shaped body. [an orb of fire]
 82287 | Zot:5    | Killed an orb of fire
 82291 | Zot:5    | Noticed a dread lich
 82293 | Zot:5    | Reached skill level 15 in Evocations
 82318 | Zot:5    | Killed a dread lich
 82365 | Zot:5    | Lost mutation: You have a pair of small antennae on your
                  | head. [potion of mutation]
 82365 | Zot:5    | Lost mutation: You occasionally lose the ability to read
                  | scrolls when taking damage. [potion of mutation]
 82366 | Zot:5    | Lost mutation: You are weak. (Str -2) [potion of mutation]
 82366 | Zot:5    | Lost mutation: You are strong-willed. (Will+) [potion of
                  | mutation]
 83287 | Zot:5    | Got the Orb of Zot
 83623 | D:12     | Noticed Eduecir the pandemonium lord
 83862 | D:$      | Escaped with the Orb!

Illustrated notes

Levels and vault maps discovered:
D:1:      lightli_arrival_statue_moat, layout_basic,
          ebering_ecumenical_altar_box, st_stairs_13,
          minmay_misc_feat_more_columns
D:2:      layout_basic, wad_floor_pattern_1, reono_crystal_passage,
          uniq_jessica, uniq_crazy_yiuf_cottage, uniq_natasha
D:3:      layout_rooms, general_overflow_altar, serial_shops,
          nicolae_shop_crystal, uniq_grinder
D:4:      layout_rooms, overflow_temple_1_default,
          mainiacjoe_overflow_concentric_impassable, uniq_edmund
D:5:      layout_loops_ring, fedhas_altar_1, minmay_temple_entry_glassed_door,
          minmay_chambers_of_fives
D:6:      layout_cave_pods, nicolae_tso_carved_into_rock, kennysheep_mini_moat,
          nicolae_ossuary_entry_catacombs, minivault_5
D:7:      layout_loops_corners, grunt_temple_overflow_open,
          chequers_serial_rivers_micro_b
D:8:      layout_loops_ring, nicolae_overflow_crystal_walls,
          hellmonk_ghost_happy_afterlife, roderic_serpentine_path,
          serial_park_tiny_pond, nicolae_specific_store
D:9:      layout_irregular_city, mainiacjoe_overflow_brackets,
          cheibrodos_worm_habitat, erik_lair_island,
          ebering_ghost_reflecting_pool, minmay_tree_intersection, minivault_13
D:10:     layout_cave_pools, marbit_many_paths, enter_bailey_3, uniq_lodul
D:11:     layout_gridville, orc_0_dummy, vehumet_statue, uniq_josephine
D:12:     layout_long_grid, lemuel_zombie_altar_yredelemnul, uniq_frances
D:13:     layout_loops_cross, nicolae_trove_entry_diagonal, uniq_rupert
D:14:     layout_roguey [special_room_mythical_zoo], erik_vaults_2,
          minmay_statue_bubble
D:15:     hangedman_depths_entry_civil_slaughter, layout_stronghold,
          minmay_misc_feat_four_crosses
Temple:   nicolae_temple_godpark
Lair:1:   layout_loops_ring, chequers_serial_rivers_room_a,
          serial_bayou_shore_a, serial_bayou_shore_b, uniq_joseph,
          uniq_nergalle, uniq_erica
Lair:2:   layout_misc_corridors, nicolae_spider_entry_non_spiders,
          grunt_megastairs_4, infiniplex_staircase_pool_2
Lair:3:   layout_roguey, elwin_shoals_entry_stream, nicolae_lair_lakeside_cave,
          uniq_prince_ribbit2
Lair:4:   layout_layer_cave, uniq_sonja
Lair:5:   minmay_lair_end_frog_pond, layout_gridlike, slime_entry_1,
          ebering_ghost_inner_flame
Shoals:1: layout_shoals, uniq_aizul, uniq_nikola
Shoals:2: layout_shoals, serial_shops, nicolae_shop_window_shopping,
          nicolae_shoals_secluded_bog, uniq_polyphemus
Shoals:3: layout_shoals, nicolae_shoals_lost_giant_pillars, uniq_roxanne
Shoals:4: shoals_end_hellmonk_storm_palace [storm_palace_center_circular,
          storm_palace_corner_reverse_hut, storm_palace_corner_reverse_hut,
          storm_palace_corner_blocked, storm_palace_corner_reverse_hut]
Spider:1: layout_chambers
Spider:2: layout_chambers
Spider:3: layout_spider_delve, spiders_nest_the_unseen
Spider:4: johnstein_spider_rune_arachne_lair, hellmonk_spider_spawner
Slime:1:  layout_caves
Slime:2:  layout_caves
Slime:3:  layout_caves
Slime:4:  cheibrodos_slime_lost_civilization_8, layout_caves
Slime:5
Orc:1:    layout_caves, lightli_orcish_oven
Orc:2:    grunt_orc_tribal_feast, layout_diamond_mine, basic_altar,
          special_room, uniq_snorg, uniq_jorgrun, uniq_azrael, uniq_donald,
          uniq_saint_roka
Elf:1:    layout_onion_city, serial_shops, shop_statue, mu_enter_wizlab_6
Elf:2:    nicolae_elf_blades_splatter_lattice [nicolae_blade_tridents],
          layout_geoelf_octagon
Elf:3:    minmay_elf_hall_statues, layout_loops_cross, gammafunk_ghost_grave,
          serial_aquarium, aquarium_bridge_square [aquarium_subvault_bridge,
          aquarium_subvault_wall, aquarium_subvault_wall,
          aquarium_subvault_wall], aquarium_window_fake, aquarium_window_fake,
          aquarium_window_corridor_2, aquarium_window_1, aquarium_view_2d,
          aquarium_balcony_3b, lemuel_flamethrower_2
Vaults:1: ontoclasm_vaults_idyll, vaults_standard_mumra_x, v_alt_pattern_4,
          grunt_vaults_diagonal, vaults_room_octagon, vaults_room_corners,
          nicolae_vaults_little_squares_5, vaults_dpeg_diagonal,
          hangedman_vaults_slice, nicolae_vaults_specimen_jars,
          layout_vaults_quadrants, serial_shops, nicolae_shop_trees
Vaults:2: v_misc_4, ontoclasm_vaults_spin, dpeg_vaults_monster_box,
          st_quartered_hall, nicolae_vaults_alarming, ontoclasm_vaults_idyll,
          ontoclasm_vaults_ring_small, nicolae_vaults_little_squares_4,
          layout_vaults_chaotic_city, serial_shops, uniq_margery, uniq_asterion
Vaults:3: ontoclasm_vaults_decontamination, v_pattern_2,
          hangedman_vaults_variations, vaults_mumra_hex, v_alt_pattern_5,
          minmay_crypt_entry_simple_corners, vaults_room_octagon,
          vaults_room_stairs_pillars, v_misc_2, vaults_mumra_chevron, v_misc_13,
          grunt_vaults_hallway_short, ontoclasm_vaults_ligature,
          grunt_vaults_hallway_short, layout_vaults_big_cross, uniq_jory,
          uniq_mennas
Vaults:4: st_star, nicolae_vaults_network_quincunx
          [nicolae_vaults_network_quincunx_subvault,
          nicolae_vaults_network_quincunx_subvault,
          nicolae_vaults_network_quincunx_subvault,
          nicolae_vaults_network_quincunx_subvault,
          nicolae_vaults_network_quincunx_subvault], v_alt_pattern_6, v_misc_2,
          v_misc_29, v_alt_pattern_1, v_misc_24, grunt_vaults_funnel, v_rooms_1,
          ontoclasm_vaults_twist, vaults_room_fancy_cross, layout_vaults_maze
Vaults:5
Crypt:1:  layout_catacombs, nicolae_crypt_ancient_font
Crypt:2:  layout_gridlike, uniq_boris
Crypt:3:  church_of_pain_bobbens, layout_chaotic_city,
          tomb_entry_forgotten_bobbens, grunt_megastairs_3
Depths:1: hellmonk_destroyed_diamonds, layout_gridlike, hell_entry,
          minmay_protected_statue
Depths:2: cheibrodos_salmonella, layout_gridlike, serial_shops,
          nicolae_stop_n_shop_2, hangedman_tar_grid_catacomb,
          rand_demon_pan_entry_9, grunt_decor_one_mirror, dreamdust_wasp_nest,
          infiniplex_staircase_split_hallway, uniq_vv
Depths:3: little_maze_vault, layout_cave_pools, enter_ziggurat_f,
          chequers_serial_rivers_micro_c, hellmouth_1, abyss_entry,
          infiniplex_staircase_zigzag_5
Depths:4: evilmike_zot_entry_round, layout_gridlike, pf_hell_entry_great_geh,
          old_standard_altar, minmay_shop_star, uniq_sojobo, uniq_grunn,
          uniq_parghit
Zot:1:    gammafunk_sealed_arena, layout_basic
Zot:2:    layout_twisted_circle, gammafunk_ghost_cemetery
Zot:3:    layout_basic
Zot:4:    kennysheep_ambush_hall, layout_misc_corridors, grunt_megastairs_2
Zot:5:    layout_gridlike

Skill      XL: |  1  2  3  4  5  6  7  8  9 10 11 12 13 14 15 16 17 18 19 20 21 22 23 24 25 26 27 |
---------------+----------------------------------------------------------------------------------+-----
Fighting       | 2 3 4 5 6 7 9 10 11 12 14 15 17 18 19 20 21 22 23 27 | 27.0
Maces & Flails | 3 4 5 7 8 9 10 11 12 14 16 | 16.0
Armour         | 3 5 6 8 10 11 12 14 16 17 18 19 20 25 | 25.0
Dodging        | 2 3 5 7 8 10 12 19 | 19.3
Evocations     | 2 4 6 8 10 15 | 15.4
Shields        | 1 9 15 16 17 18 | 18.6
Throwing       | 3 5 8 9 12 14 | 14.0
Axes           | 8 14 15 | 15.6
Ranged Weapons | |  2.0
Spellcasting   | |  1.0
Hexes          | |  2.6

Action                     |  1- 3 |  4- 6 |  7- 9 | 10-12 | 13-15 | 16-18 | 19-21 | 22-24 | 25-27 || total
---------------------------+-------+-------+-------+-------+-------+-------+-------+-------+-------++-------
  Melee: Flail             |       |    89 |   155 |       |       |       |       |       |       ||   244
         Punch             |       |     1 |     1 |       |       |       |       |       |       ||     2
         Dire flail        |       |       |   216 |   703 |  1522 |  1686 |       |       |       ||  4127
         Demon whip        |       |       |       |       |       |   648 |  1260 |       |       ||  1908
         Morningstar       |       |       |       |       |       |    60 |       |       |       ||    60
         Eveningstar       |       |       |       |       |       |       |   170 |  1128 |    46 ||  1344
         Sacred scourge    |       |       |       |       |       |       |    16 |  1024 |   142 ||  1182
         Broad axe         |       |       |       |       |       |       |       |       |  3602 ||  3602
   Fire: Sling             |    95 |    65 |       |       |       |       |       |       |       ||   160
  Throw: Javelin           |       |       |       |       |       |       |       |       |    11 ||    11
 Invoke: Berserk           |       |       |     4 |     3 |     7 |     1 |     1 |       |       ||    16
         Trog's Hand       |       |       |       |     1 |     9 |     4 |     6 |    12 |    10 ||    42
         Brothers in Arms  |       |       |       |     1 |     6 |     8 |     6 |     9 |    25 ||    55
  Evoke: Wand              |       |       |       |    13 |     8 |    13 |       |       |     5 ||    39
         Phantom mirror    |       |       |       |     2 |     3 |     4 |     2 |     1 |       ||    12
         Condenser vane    |       |       |       |     1 |     5 |     3 |     6 |     4 |    12 ||    31
         Phial of floods   |       |       |       |       |     1 |       |       |       |       ||     1
         Tin of tremorston |       |       |       |       |       |     2 |     3 |     3 |     4 ||    12
         Box of beasts     |       |       |       |       |       |       |     2 |     1 |     3 ||     6
    Use: Scroll            |     1 |     1 |    11 |     8 |    12 |    10 |     9 |     6 |    41 ||    99
         Potion            |       |     2 |     2 |       |     5 |     4 |     9 |     1 |    34 ||    57
   Stab: Sleeping          |       |     1 |     1 |     2 |       |     5 |     7 |     7 |     2 ||    25
         Distracted        |       |       |       |     3 |     3 |     2 |       |       |    11 ||    19
         Confused          |       |       |       |     2 |       |       |       |       |       ||     2
         Petrified         |       |       |       |       |       |     7 |       |       |       ||     7
         Invisible         |       |       |       |       |       |       |       |       |    11 ||    11
 Armour: Robe              |    29 |     8 |       |       |       |       |       |       |       ||    37
         Ring mail         |       |    86 |   317 |   389 |   755 |       |       |       |       ||  1547
         Plate armour      |       |       |       |       |   485 |  1201 |       |       |       ||  1686
         Shadow dragon sca |       |       |       |       |       |  1142 |   759 |   771 |   759 ||  3431
         Gold dragon scale |       |       |       |       |       |       |       |       |   967 ||   967
  Dodge: Dodged            |    42 |   115 |   270 |   371 |   814 |   988 |   451 |   580 |  1859 ||  5490
  Block: Kite shield       |       |       |       |       |       |   342 |  1089 |  1687 |  3767 ||  6885
         Reflection        |       |       |       |       |       |    21 |    47 |   103 |    83 ||   254

Table legend: (Time is in decaauts)
 A = Elapsed time spent in this place.
 B = Non-inter-level travel time spent in this place.
 C = Inter-level travel time spent in this place.
 D = Time resting spent in this place.
 E = Time spent auto-exploring this place.
 F = Levels seen in this place.
 G = Mean time per level.
                   A        B        C        D        E       F      G
               +--------+--------+--------+--------+--------+-----+--------+
         Total |  80432 |  72819 |   7613 |  17463 |  37658 |  60 | 1340.5 |
       Dungeon |  15823 |  13014 |   2809 |    545 |   9080 |  15 | 1054.9 |
        Temple |    161 |    145 |     16 |      0 |    135 |   1 |  161.0 |
          Lair |   6295 |   5035 |   1260 |    447 |   3258 |   5 | 1259.0 |
        Shoals |   5064 |   4546 |    518 |    957 |   2443 |   4 | 1266.0 |
   Spider Nest |   7510 |   7077 |    433 |   2262 |   3125 |   4 | 1877.5 |
    Slime Pits |   1981 |   1858 |    123 |    982 |    294 |   5 |  396.2 |
  Orcish Mines |   2670 |   2426 |    244 |    868 |    994 |   2 | 1335.0 |
   Elven Halls |   4352 |   4184 |    168 |    961 |   2153 |   3 | 1450.7 |
        Vaults |  13300 |  12564 |    736 |   4151 |   6075 |   5 | 2660.0 |
         Crypt |   4549 |   4371 |    178 |   1102 |   2207 |   3 | 1516.3 |
        Depths |   6324 |   5823 |    501 |    903 |   3087 |   4 | 1581.0 |
           Zot |   9714 |   9093 |    621 |   2919 |   4388 |   5 | 1942.8 |
         Abyss |    173 |    173 |      0 |      0 |     10 |   1 |  173.0 |
       Ossuary |    342 |    342 |      0 |    161 |     98 |   1 |  342.0 |
        Bailey |    303 |    303 |      0 |      0 |    110 |   1 |  303.0 |
        Wizlab |   1865 |   1865 |      0 |   1201 |    201 |   1 | 1865.0 |
               +--------+--------+--------+--------+--------+-----+--------+

Top non-repeatable levels by time:
   Zot:5: 4686 daAuts
Vaults:3: 3327 daAuts
Vaults:2: 3056 daAuts
Spider:4: 3021 daAuts
Vaults:4: 2932 daAuts
Vaults:1: 2452 daAuts
Depths:3: 2137 daAuts
Shoals:4: 2048 daAuts
  WizLab: 1865 daAuts
 Crypt:3: 1825 daAuts
   Elf:3: 1761 daAuts
 Crypt:1: 1754 daAuts
Depths:2: 1619 daAuts
Spider:2: 1604 daAuts
     D:9: 1578 daAuts
